 Dungeon Crawl Stone Soup version 0.22.0 (webtiles) character file.

22738 azisjoha the Carver (level 13, 0/154 HPs)
             Began as a Gnoll Berserker on Sept 28, 2018.
             Was an Elder of Trog.
             Slain by a spiny frog (16 damage)
             ... on level 3 of the Lair of Beasts on Oct 12, 2018.
             The game lasted 04:48:00 (18871 turns).

azisjoha the Carver (Gnoll Berserker)              Turns: 18871, Time: 04:48:00

Health: 0/154      AC: 20    Str: 27    XL:     13   Next: 2%
Magic:  24/24      EV: 13    Int:  9    God:    Trog [****..]
Gold:   524        SH:  0    Dex: 18    Spells: 27/27 levels left

rFire    . . .     SeeInvis .   X - +0 great sword
rCold    . . .     Gourm    +   (shield currently unavailable)
rNeg     . . .     Faith    .   D - +0 plate armour
rPois    .         Spirit   .   (no helmet)
rElec    .         Reflect  .   i - +2 cloak
rCorr    +         Harm     .   l - +0 pair of gloves
MR       +++..                  v - +0 pair of boots
Stlth    ..........             w - amulet of the gourmand
HPRegen  1.35/turn              M - ring of resist corrosion
MPRegen  0.19/turn              T - ring of protection from magic

@: berserking, lethally poisoned (0 -> -1), regenerating, very quick
A: distributed training, fangs 1, strong nose
a: Berserk, Trog's Hand, Brothers in Arms, Renounce Religion


You were on level 3 of the Lair of Beasts.
You worshipped Trog.
Trog was greatly pleased with you.
You were not hungry.

You visited 4 branches of the dungeon, and saw 15 of its levels.

You collected 647 gold pieces.
You spent 123 gold pieces at shops.

Inventory:

Hand Weapons
 e - a +0 halberd
 H - a +0 blowgun
 J - a +1 hunting sling of freezing
 L - a +0 shortbow
 X - a +0 great sword (weapon)
Missiles
 f - 329 stones
 u - a throwing net
 x - 56 bolts
 z - 49 poisoned needles
 B - 275 arrows
 F - 21 sling bullets
 Y - 11 tomahawks (quivered)
Armour
 i - a +2 cloak (worn)
 l - a +0 pair of gloves (worn)
 v - a +0 pair of boots (worn)
 D - a +0 plate armour (worn)
Magical Staves
 a - an uncursed staff of poison
Jewellery
 w - an amulet of the gourmand (around neck)
 I - an uncursed ring of stealth
 M - a ring of resist corrosion (left hand)
 T - a ring of protection from magic (right hand)
 U - a +2 amulet of reflection
Wands
 k - a wand of acid (9)
 m - a wand of paralysis (27)
 W - a wand of polymorph (12)
Scrolls
 b - 2 scrolls of noise
 h - 2 scrolls of holy word {unknown}
 o - 4 scrolls of remove curse
 p - 2 scrolls of blinking
 s - 3 scrolls of magic mapping
 y - 2 scrolls of fear
 E - 2 scrolls of teleportation
 G - a scroll of brand weapon {unknown}
 S - a scroll of immolation
 V - 2 scrolls of fog
Potions
 c - a potion of haste
 d - a potion of might
 g - 2 potions of brilliance
 j - a potion of lignification
 n - a potion of flight
 q - 2 potions of degeneration
 t - 4 potions of berserk rage
 C - 2 potions of cancellation {unknown}
 K - a potion of magic
 Z - a potion of heal wounds
Miscellaneous
 A - a lamp of fire
 N - a crystal ball of energy
 O - a lamp of fire
 P - a lamp of fire
 Q - a lamp of fire
Comestibles
 r - 17 rations
 R - 6 chunks of flesh


   Skills:
 + Level 10.1 Fighting
 + Level 7.7 Short Blades
 + Level 10.1 Long Blades
 + Level 7.7 Axes
 + Level 7.7 Maces & Flails
 + Level 7.7 Polearms
 + Level 7.7 Staves
 + Level 7.7 Slings
 + Level 7.7 Bows
 + Level 7.7 Crossbows
 + Level 7.7 Throwing
 + Level 9.0 Armour
 + Level 9.0 Dodging
 + Level 7.7 Stealth
 + Level 7.7 Shields
 + Level 7.7 Unarmed Combat
 + Level 7.7 Spellcasting
 + Level 6.4 Conjurations
 + Level 6.4 Hexes
 + Level 6.4 Charms
 + Level 6.4 Summonings
 + Level 6.4 Necromancy
 + Level 6.4 Translocations
 + Level 6.4 Transmutations
 + Level 6.4 Fire Magic
 + Level 6.4 Ice Magic
 + Level 6.4 Air Magic
 + Level 6.4 Earth Magic
 + Level 6.4 Poison Magic
 + Level 8.4 Invocations
 + Level 7.7 Evocations


You had 27 spell levels left.
You didn't know any spells.
Your spell library contained the following spells:

 Spells                   Type           Power        Failure   Level  Hunger
 Confuse                  Hex            ###.....     36%         3    ###....
 Bolt of Draining         Conj/Necr      ###.......   98%         5    ######.
 Animate Dead             Necr           N/A          77%         4    ####...
 Dispel Undead            Necr           ###.....     98%         5    ######.
 Sublimation of Blood     Necr           ###.......   19%         2    ##.....
 Tukima's Dance           Hex            ###.....     36%         3    ###....
 Corpse Rot               Necr           N/A          19%         2    ##.....
 Stone Arrow              Conj/Erth      ###...       36%         3    ###....
 Recall                   Summ/Tloc      N/A          36%         3    ###....
 Agony                    Necr           ###.....     98%         5    ######.
 Death Channel            Necr           ###.......   100%        6    #######
 Confusing Touch          Hex            ###...       12%         1    None
 Passwall                 Tmut/Erth      ###.....     19%         2    ##.....
 Ensorcelled Hibernation  Hex/Ice        ###...       19%         2    ##.....
 Metabolic Englaciation   Hex/Ice        ###.......   98%         5    ######.
 Corona                   Hex            ###....      12%         1    None
 Lee's Rapid Deconstruct  Erth           ###.......   98%         5    ######.
 Sandblast                Erth           ###...       12%         1    None
 Simulacrum               Ice/Necr       ###.......   100%        6    #######
 Excruciating Wounds      Chrm/Necr      ###.......   98%         5    ######.
 Petrify                  Tmut/Erth      ###.....     77%         4    ####...
 Dazzling Spray           Conj/Hex       ###...       36%         3    ###....
 Gell's Gravitas          Tloc           ###.......   36%         3    ###....
 Yara's Violent Unravell  Hex/Tmut       ###.......   98%         5    ######.
 Borgnjor's Vile Clutch   Necr/Erth      ###.......   98%         5    ######.


Dungeon Overview and Level Annotations

Branches:
Dungeon (9/15)             Temple (1/1) D:7            Lair (4/6) D:9
  Swamp (0/4) Lair:4       Spider (0/4) Lair:4          Orc (1/2) D:9

Altars:
Ashenzari
Cheibriados
Dithmenos
Elyvilon
Fedhas
Gozag
Hepliaklqana
Kikubaaqudgha
Makhleb
Nemelex Xobeh
Okawaru
Qazlal
Ru
Sif Muna
Trog
Uskayaw
Vehumet
Wu Jian
Xom
Yredelemnul
Zin
The Shining One
Beogh

Shops:
D:7 *


Innate Abilities, Weirdness & Mutations

Your experience applies equally to all skills.
You have very sharp teeth.
Your uncanny sense of smell can sniff out nearby items.


Message History

There is a stone staircase leading down here.
Your skin crawls.
You feel resistant to hostile enchantments.
You feel quite a bit more hungry.
You feel sick. The spiny frog closely misses you.
A red film seems to cover your vision as you go berserk!
You feel yourself moving faster!
You feel mighty!
You feel a lot more hungry.
You feel sick.
The spiny frog stings you but does no damage.
You slash the spiny frog!
The spiny frog is moderately wounded.
You feel sick. The spiny frog barely misses you.
Your plate armour prevents you from hitting the spiny frog.
The spiny frog is moderately wounded.
You feel sick. The spiny frog stings you.
* * * LOW HITPOINT WARNING * * *
You closely miss the spiny frog.
The spiny frog is moderately wounded.
The spiny frog stings you!
You die...

......[###.........#.# ###...#
........#...........#####...#'###
.#.................####..........
.#...#.P.............###.........
.....#...............###.........
..#..#.................P.........
.......#.#.........##..'.........
.#.P.P..............#.##.........
...P....#.......@..#####.........
.#.#######......F..# #P.........
.### ##.#.#..#P# ###.#...+.# .#
#......### ###....## .#
###....###.## ###.##.## .###
###>..........# #....####
+..####..###.###...## ###.P.###..
.....#......#...#...###.........'
.......##.#..........##.#P.P....#


You could see a spiny frog.

Vanquished Creatures
  2 hydras
  Pikel (D:4)
  An oklob plant (Lair:2)
  3 elephants
  Maurice (D:9)
  Psyche (D:9)
  5 spiny frogs
  A kobold demonologist (D:7)
  2 rime drakes (Lair:1)
  5 komodo dragons
  3 trolls
  5 blink frogs (Lair:3)
  3 hippogriffs
  Grinder (D:4)
  3 dream sheep (Lair:4)
  A spriggan (D:8)
  A wyvern (Lair:2)
  A hungry ghost (D:9)
  15 yaks
  A basilisk (Lair:2)
  Edmund (D:4)
  4 water moccasins
  6 porcupines
  3 sky beasts
  2 ice beasts (D:9)
  2 orc warriors
  A hornet zombie (D:7)
  4 phantoms
  A black bear (D:6)
  2 eyes of draining (D:4)
  9 ogres
  10 crocodiles
  6 centaurs
  10 wolves
  4 big kobolds (D:9)
  Blork the orc (D:4)
  7 bullfrogs
  A gnoll sergeant (D:9)
  A wyvern skeleton (D:8)
  9 killer bees
  5 wights
  A howler monkey (D:5)
  A crimson imp (D:7)
  4 hounds
  A jelly (D:8)
  3 orc priests (D:6)
  6 orc wizards
  2 centaur skeletons
  2 bullfrog skeletons
  5 worker ants
  2 hound skeletons (D:4)
  A worker ant zombie (D:6)
  25 gnolls
  7 adders
  5 shadow imps
  3 adder skeletons
  3 worms
  6 dart slugs
  9 leopard geckos
  31 orcs
  4 ball pythons
  2 bats
  7 giant cockroaches
  15 goblins
  4 hobgoblins
  7 jackals
  11 kobolds
  6 quokkas
  11 frilled lizards
  A jackal zombie (D:6)
  2 quokka zombies
  6 rats
  2 plants
340 creatures vanquished.

Vanquished Creatures (collateral kills)
  Nergalle (Lair:4)
  A deep elf mage (D:7)
  An elephant (Lair:3)
  2 jumping spiders (Lair:4)
  A dream sheep (Lair:4)
  6 yaks
  An eye of draining (D:7)
  A black bear (D:8)
  3 ogres (D:9)
  2 big kobolds
  3 wights (D:9)
  An orc priest (D:9)
  2 orc wizards (D:9)
  A worker ant (D:7)
  A hound skeleton (D:7)
  An adder zombie (D:9)
  2 orcs (D:9)
  A fungus (Lair:3)
31 creatures vanquished.

Vanquished Creatures (others)
  A goblin (D:4)
  A hobgoblin (D:4)
  5 fungi
  A plant (Lair:2)
8 creatures vanquished.

Grand Total: 379 creatures vanquished

Notes
Turn   | Place    | Note
-------+----------+-------------------------------------------
     0 | D:1      | azisjoha the Gnoll Berserker began the quest for the Orb.
     0 | D:1      | Reached XP level 1. HP: 23/23 MP: 1/1
    67 | D:1      | Reached XP level 2. HP: 26/29 MP: 2/2
   553 | D:1      | Reached XP level 3. HP: 35/35 MP: 3/3
   806 | D:1      | Reached ** piety under Trog
   986 | D:1      | Reached skill level 1 in Invocations
  1129 | D:2      | Reached skill level 1 in Short Blades
  1129 | D:2      | Reached skill level 1 in Axes
  1129 | D:2      | Reached skill level 1 in Maces & Flails
  1129 | D:2      | Reached skill level 1 in Polearms
  1129 | D:2      | Reached skill level 1 in Staves
  1129 | D:2      | Reached skill level 1 in Slings
  1129 | D:2      | Reached skill level 1 in Bows
  1129 | D:2      | Reached skill level 1 in Crossbows
  1129 | D:2      | Reached skill level 1 in Throwing
  1129 | D:2      | Reached skill level 1 in Stealth
  1129 | D:2      | Reached skill level 1 in Shields
  1129 | D:2      | Reached skill level 1 in Unarmed Combat
  1129 | D:2      | Reached skill level 1 in Spellcasting
  1129 | D:2      | Reached skill level 1 in Evocations
  1147 | D:2      | Reached XP level 4. HP: 34/41 MP: 5/5
  1273 | D:2      | Reached skill level 1 in Conjurations
  1273 | D:2      | Reached skill level 1 in Hexes
  1273 | D:2      | Reached skill level 1 in Charms
  1273 | D:2      | Reached skill level 1 in Summonings
  1273 | D:2      | Reached skill level 1 in Necromancy
  1273 | D:2      | Reached skill level 1 in Translocations
  1273 | D:2      | Reached skill level 1 in Transmutations
  1273 | D:2      | Reached skill level 1 in Fire Magic
  1273 | D:2      | Reached skill level 1 in Ice Magic
  1273 | D:2      | Reached skill level 1 in Air Magic
  1273 | D:2      | Reached skill level 1 in Earth Magic
  1273 | D:2      | Reached skill level 1 in Poison Magic
  1560 | D:2      | Reached XP level 5. HP: 47/47 MP: 6/6
  1757 | D:2      | Found an opulent altar of Gozag.
  2738 | D:3      | Reached *** piety under Trog
  2852 | D:4      | Noticed an ogre
  2861 | D:4      | Killed an ogre
  2861 | D:4      | Reached XP level 6. HP: 53/53 MP: 8/8
  2904 | D:4      | Reached skill level 5 in Armour
  2904 | D:4      | Reached skill level 5 in Dodging
  3001 | D:4      | Noticed Grinder
  3170 | D:4      | Killed Grinder
  3170 | D:4      | Reached XP level 7. HP: 59/60 MP: 10/10
  3379 | D:4      | Noticed Edmund
  3445 | D:4      | Killed Edmund
  3687 | D:4      | Noticed Blork the orc
  3692 | D:4      | Killed Blork the orc
  3693 | D:4      | Found a bloodstained altar of Trog.
  3714 | D:4      | Reached XP level 8. HP: 67/67 MP: 0/12
  3844 | D:4      | Noticed Pikel
  3861 | D:4      | Killed Pikel
  4072 | D:5      | Entered Level 5 of the Dungeon
  4182 | D:5      | Reached XP level 9. HP: 34/72 MP: 14/14
  4874 | D:5      | Reached **** piety under Trog
  5471 | D:5      | Found a hazy altar of Hepliaklqana.
  6839 | D:6      | Reached skill level 5 in Invocations
  7282 | D:7      | Found Iday's Island Escapes.
  7430 | D:7      | Noticed a deep elf mage
  7430 | D:7      | Noticed a kobold demonologist
  7443 | D:7      | Killed a deep elf mage
  7443 | D:7      | Reached XP level 10. HP: 78/80 MP: 15/17
  7455 | D:7      | Noticed a sun demon
  7478 | D:7      | Noticed a sixfirhy
  7481 | D:7      | Noticed a smoke demon
  7864 | D:7      | Killed a kobold demonologist
  7864 | D:7      | Reached skill level 5 in Short Blades
  7864 | D:7      | Reached skill level 5 in Axes
  7864 | D:7      | Reached skill level 5 in Maces & Flails
  7864 | D:7      | Reached skill level 5 in Polearms
  7864 | D:7      | Reached skill level 5 in Staves
  7864 | D:7      | Reached skill level 5 in Slings
  7864 | D:7      | Reached skill level 5 in Bows
  7864 | D:7      | Reached skill level 5 in Crossbows
  7864 | D:7      | Reached skill level 5 in Throwing
  7864 | D:7      | Reached skill level 5 in Stealth
  7864 | D:7      | Reached skill level 5 in Shields
  7864 | D:7      | Reached skill level 5 in Unarmed Combat
  7864 | D:7      | Reached skill level 5 in Spellcasting
  7864 | D:7      | Reached skill level 5 in Evocations
  8125 | D:7      | Found a shattered altar of Ashenzari.
  8220 | D:7      | Found an ancient bone altar of Kikubaaqudgha.
  8220 | D:7      | Found a sparkling altar of Nemelex Xobeh.
  8404 | D:7      | Found a staircase to the Ecumenical Temple.
  8578 | Temple   | Entered the Ecumenical Temple
  8766 | D:7      | Bought a scroll of fog for 26 gold pieces
  8766 | D:7      | Bought a scroll of blinking for 97 gold pieces
  9061 | D:8      | Found a white marble altar of Elyvilon.
 10352 | D:9      | Noticed Psyche
 10361 | D:9      | Killed Psyche
 10386 | D:9      | Found a staircase to the Lair.
 10389 | D:9      | Received a gift from Trog
 10556 | D:9      | Noticed Maurice
 11297 | D:9      | Reached XP level 11. HP: 82/87 MP: 19/19
 11530 | D:9      | Killed Maurice
 11674 | D:9      | Found a staircase to the Orcish Mines.
 12477 | Orc:1    | Entered Level 1 of the Orcish Mines
 12529 | Lair:1   | Entered Level 1 of the Lair of Beasts
 12601 | Lair:1   | Reached skill level 5 in Conjurations
 12601 | Lair:1   | Reached skill level 5 in Hexes
 12601 | Lair:1   | Reached skill level 5 in Charms
 12601 | Lair:1   | Reached skill level 5 in Summonings
 12601 | Lair:1   | Reached skill level 5 in Necromancy
 12601 | Lair:1   | Reached skill level 5 in Translocations
 12601 | Lair:1   | Reached skill level 5 in Transmutations
 12601 | Lair:1   | Reached skill level 5 in Fire Magic
 12601 | Lair:1   | Reached skill level 5 in Ice Magic
 12601 | Lair:1   | Reached skill level 5 in Air Magic
 12601 | Lair:1   | Reached skill level 5 in Earth Magic
 12601 | Lair:1   | Reached skill level 5 in Poison Magic
 12633 | Lair:1   | Received a gift from Trog
 13829 | Lair:1   | Noticed a five-headed hydra
 13841 | Lair:1   | Killed a five-headed hydra
 14877 | Lair:2   | Received a gift from Trog
 14998 | Lair:2   | Reached XP level 12. HP: 96/96 MP: 22/22
 15519 | Lair:2   | Noticed an eight-headed hydra
 15531 | Lair:2   | Killed a ten-headed hydra
 15939 | Lair:2   | Found a shimmering altar of Xom.
 16631 | Orc:1    | Found a roughly hewn altar of Beogh.
 17010 | Lair:3   | Found a glowing silver altar of Zin.
 18095 | Lair:3   | Reached skill level 10 in Fighting
 18095 | Lair:3   | Reached skill level 10 in Long Blades
 18794 | Lair:4   | Noticed Nergalle
 18801 | Lair:4   | Killed Nergalle
 18813 | Lair:4   | Reached XP level 13. HP: 102/103 MP: 24/24
 18871 | Lair:3   | Slain by a spiny frog

Skill      XL: |  1  2  3  4  5  6  7  8  9 10 11 12 |
---------------+-------------------------------------+-----
Invocations    | 1 2 3 4 5 6 7 8 |  8.4
Short Blades   | 1 2 3 4 5 6 7 |  7.7
Axes           | 1 2 3 4 5 6 7 |  7.7
Maces & Flails | 1 2 3 4 5 6 7 |  7.7
Polearms       | 1 2 3 4 5 6 7 |  7.7
Staves         | 1 2 3 4 5 6 7 |  7.7
Slings         | 1 2 3 4 5 6 7 |  7.7
Bows           | 1 2 3 4 5 6 7 |  7.7
Crossbows      | 1 2 3 4 5 6 7 |  7.7
Throwing       | 1 2 3 4 5 6 7 |  7.7
Stealth        | 1 2 3 4 5 6 7 |  7.7
Shields        | 1 2 3 4 5 6 7 |  7.7
Unarmed Combat | 1 2 3 4 5 6 7 |  7.7
Spellcasting   | 1 2 3 4 5 6 7 |  7.7
Evocations     | 1 2 3 4 5 6 7 |  7.7
Conjurations   | 1 2 3 4 5 6 |  6.4
Hexes          | 1 2 3 4 5 6 |  6.4
Charms         | 1 2 3 4 5 6 |  6.4
Summonings     | 1 2 3 4 5 6 |  6.4
Necromancy     | 1 2 3 4 5 6 |  6.4
Translocations | 1 2 3 4 5 6 |  6.4
Transmutations | 1 2 3 4 5 6 |  6.4
Fire Magic     | 1 2 3 4 5 6 |  6.4
Ice Magic      | 1 2 3 4 5 6 |  6.4
Air Magic      | 1 2 3 4 5 6 |  6.4
Earth Magic    | 1 2 3 4 5 6 |  6.4
Poison Magic   | 1 2 3 4 5 6 |  6.4
Armour         | 5 6 7 8 9 |  9.0
Dodging        | 5 6 7 8 9 |  9.0
Fighting       | 7 8 9 10 | 10.1
Long Blades    | 7 8 9 10 | 10.1

Action                   |  1- 3 |  4- 6 |  7- 9 | 10-12 | 13-15 || total
-------------------------+-------+-------+-------+-------+-------++-------
Melee: Falchion          |    80 |    95 |   183 |   334 |       ||   692
       Bite              |    12 |    14 |    44 |   122 |       ||   192
       Punch             |     1 |       |     6 |    10 |       ||    17
       Hunting sling     |       |       |    13 |       |       ||    13
       Halberd           |       |       |       |    75 |       ||    75
       Long sword        |       |       |       |    43 |       ||    43
       Great sword       |       |       |       |   157 |     7 ||   164
 Fire: Hunting sling     |       |     2 |   118 |   146 |       ||   266
Throw: Stone             |    44 |   134 |    76 |   161 |       ||   415
       Tomahawk          |       |       |    34 |   222 |       ||   256
Invok: Berserk           |       |     4 |     6 |    18 |     1 ||    29
       Brothers in Arms  |       |       |     1 |     9 |     1 ||    11
       Trog's Hand       |       |       |       |     8 |     2 ||    10
Evoke: Wand              |       |       |       |    11 |       ||    11
       Lamp of fire      |       |       |       |     1 |       ||     1
  Use: Scroll            |       |     4 |     5 |    18 |     1 ||    28
       Potion            |       |     1 |       |     9 |       ||    10
  Eat: Ration            |     1 |       |       |     3 |       ||     4
       Chunk             |       |    20 |    26 |    93 |    11 ||   150
Armor: Animal skin       |     9 |       |       |       |       ||     9
       Ring mail         |     8 |    36 |    62 |       |       ||   106
       Chain mail        |       |       |    27 |   237 |       ||   264
       Plate armour      |       |       |       |   226 |    27 ||   253
Dodge: Dodged            |    51 |    96 |   133 |   465 |    17 ||   762
Block: Other             |       |       |       |    10 |     2 ||    12
       Reflection        |       |       |       |     1 |       ||     1
       Rpst.: Falchion   |    10 |    27 |    26 |    56 |       ||   119
       Long sword        |       |       |       |     5 |       ||     5
       Great sword       |       |       |       |    32 |     2 ||    34
